 Dungeon Crawl Stone Soup version 0.25-a0-1113-g0499d652a8 (webtiles) character file.

Game seed: 4377287728093105530, levelgen mode: deterministic

198767 HoaS the Wrestler (level 18, -3/132 HPs)
             Began as a Gargoyle Berserker on May 16, 2020.
             Was a High Priest of Trog.
             Slain by an emperor scorpion (7 damage)
             ... on level 4 of the Spider Nest.
             The game lasted 01:52:42 (40050 turns).

HoaS the Wrestler (Gargoyle Berserker)             Turns: 40050, Time: 01:52:43

Health: -3/132     AC: 46    Str: 28    XL:     18   Next: 45%
Magic:  0/18       EV:  5    Int: 15    God:    Trog [*****.]
Gold:   2745       SH:  5    Dex: 19    Spells: 17/17 levels left

rFire    + . .     SeeInvis .     - Unarmed
rCold    + . .     Gourm    .   (no shield)
rNeg     + + .     Faith    .   Q - +11 crystal plate armour
rPois    ∞         Spirit   .   E - +2 hat
rElec    +         Reflect  +   R - +0 cloak {MR+}
rCorr    .         Harm     .   a - +1 pair of gloves
MR       ++++.                  G - +0 pair of boots
Stlth    ..........             M - amulet "Lorokug" {Reflect rF+ SH+5 Stlth+}
HPRegen  1.32/turn              x - +6 ring of strength
MPRegen  0.16/turn              g - ring of Wosheth {rC+ rN+ Int+6 Dex+4}

@: about to teleport, flying, regenerating, hasted, very quick
A: big wings, negative energy resistance 1, electricity resistance, unbreathing,
petrification resistance, rot immunity, AC +13
}: 1/15 runes: decaying
a: Stop Flying, Berserk, Trog's Hand, Brothers in Arms, Renounce Religion


You were on level 4 of the Spider Nest.
You worshipped Trog.
Trog was extremely pleased with you.
You were hungry.

You visited 5 branches of the dungeon, and saw 31 of its levels.
You also visited: Volcano.

You collected 7543 gold pieces.
You spent 4798 gold pieces at shops.

Inventory:

Armour
 a - a +1 pair of gloves (worn)
 E - a +2 hat (worn)
 G - a +0 pair of boots (worn)
 Q - a +11 crystal plate armour (worn)
 R - a +0 cloak of magic resistance (worn)
Jewellery
 f - an uncursed ring of positive energy
 g - the ring of Wosheth (right hand) {rC+ rN+ Int+6 Dex+4}
   (You bought it in a shop on level 12 of the Dungeon)

   [ring of intelligence]

   It affects your intelligence (+6).
   It affects your dexterity (+4).
   It protects you from cold.
   It protects you from negative energy.
 o - an uncursed ring of protection from fire
 u - an uncursed ring of fire
 x - a +6 ring of strength (left hand)
 L - a +6 ring of dexterity
 M - the amulet "Lorokug" (around neck) {Reflect rF+ SH+5 Stlth+}
   (You bought it in a shop on level 12 of the Dungeon)

   [amulet of reflection]

   It shields you and reflects attacks.
   It protects you from fire.
   It affects your SH (+5).
   It makes you more stealthy.
 N - a +4 ring of evasion
 O - an uncursed ring of ice
Wands
 p - a wand of polymorph (12)
 v - a wand of paralysis (13)
 y - a wand of iceblast (28)
 A - a wand of random effects (36)
 P - a wand of disintegration (17)
Scrolls
 c - 3 scrolls of magic mapping
 d - 6 scrolls of blinking
 e - 3 scrolls of identify
 i - 13 scrolls of teleportation
 m - 6 scrolls of immolation
 t - 10 scrolls of fog
 w - 3 scrolls of fear
 J - 9 scrolls of remove curse
 K - 2 scrolls of holy word
Potions
 h - 6 potions of flight
 j - 2 potions of cancellation
 k - 4 potions of invisibility
 n - 3 potions of curing
 q - a potion of resistance
 r - 4 potions of might
 s - 2 potions of mutation
 z - 6 potions of haste
 B - 4 potions of stabbing
 C - 4 potions of berserk rage
 F - a potion of ambrosia
 H - 13 potions of heal wounds
 I - a potion of lignification
Comestibles
 b - 49 rations


   Skills:
 + Level 21.2 Fighting
 - Level 2.1 Armour
 - Level 1.5 Dodging
 * Level 23.0 Unarmed Combat


You had 17 spell levels left.
You didn't know any spells.
Your spell library was empty.

Dungeon Overview and Level Annotations

Branches:
Dungeon (15/15)            Temple (0/1) D:5            Lair (6/6) D:10
  Swamp (4/4) Lair:3       Spider (4/4) Lair:2        Slime (0/5) Lair:5
    Orc (2/2) D:12            Elf (0/3) Orc:2        Vaults (0/5) D:13
 Depths (0/5) D:15        Volcano (visited)

Altars:
Ashenzari
Cheibriados
Dithmenos
Fedhas
Nemelex Xobeh
Ru
Sif Muna
Vehumet
Beogh
Jiyva

Shops:
D:4 [   D:12 =   Orc:1 [!!!   Orc:2 *:([

Portals:
Trove: D:15 (give horn of Geryon)

Annotations:
Lair:5 exclusion: 3 oklob plants


Innate Abilities, Weirdness & Mutations

You are resistant to torment.
Your stone body is resilient. (AC +13)
You are immune to poison.
Your large and strong wings let you fly indefinitely.
You resist negative energy. (rN+)
You are resistant to electric shocks. (rElec)
You can survive without breathing.
You are immune to petrification.
You are immune to rotting.


Message History

You feel you are being watched by something.
Your deep troll bites the spark wasp!!
The spark wasp dies!
Trog accepts your kill.
The emperor scorpion evades a web.
The emperor scorpion stings you!!
* * * LOW HITPOINT WARNING * * *
The emperor scorpion claws you.
* * * LOW HITPOINT WARNING * * *
The emperor scorpion claws you but does no damage.
You feel much better. The jumping spider pounces on you.
* * * LOW HITPOINT WARNING * * *
The jumping spider bites you but does no damage.
Your deep troll closely misses the emperor scorpion.
Your deep troll barely misses the emperor scorpion.
Your deep troll claws the emperor scorpion but does no damage.
The emperor scorpion stings you!!
* * * LOW HITPOINT WARNING * * *
The emperor scorpion claws you but does no damage.
The emperor scorpion claws you!
You die...

##### #≈≈.### ###
#####≈....#######≈≈##
###..≈≈(s.^≈..≈≈#≈≈≈...
######≈≈^...##@T##≈..≈≈≈≈..#
###≈≈≈#≈..≈#≈.##ss###.(.≈##.
.≈≈≈≈≈≈..≈#####ys≈# ##...≈#
..≈##≈...≈# #yy## #≈..≈#
####≈..≈^## #yy# ##≈.≈##
####≈.≈### ?y##s ##≈.≈##
##≈≈.)## #... .. ####≈.≈#
#≈....# +... ... #..#≈.^#
≈..≈≈#### ####
#####.≈≈≈≈.###


You could see 3 emperor scorpions, a moth of wrath, 5 hornets, a jumping spider,
a tarantella and a friendly deep troll (summoned, berserk).

Vanquished Creatures
  Saint Roka (Orc:2)
  Nikola (Spider:4)
  Arachne (Spider:2)
  Jorgrun (Spider:2)
  Frances (D:12)
  Kirke (Lair:4)
  A thorn hunter (Swamp:4)
  Donald (Spider:3)
  Roxanne (D:15)
  2 ghost moths (Spider:4)
  Aizul (Spider:2)
  3 emperor scorpions
  The ghost of Vieluargh the Black Sun, a journeyman DsNe of Kikubaaqudgha (Spider:2)
  Azrael (Spider:1)
  4 spark wasps
  5 fire dragons
  Snorg (D:14)
  A ghost crab (Swamp:3)
  16 hydras
  Harold (D:8)
  2 vault guards (D:13)
  A catoblepas (D:15)
  A shambling mangrove (Swamp:3)
  3 two-headed ogres
  4 centaur warriors
  8 alligators
  A hell hog (Volcano)
  3 tengu warriors
  An orc high priest (Orc:1)
  A fire crab (Swamp:4)
  5 unseen horrors
  14 swamp dragons
  A spriggan druid (Swamp:2)
  A lindwurm (Lair:6)
  4 orc knights
  A deep troll (D:15)
  16 orb spiders
  25 wolf spiders
  2 orc sorcerers
  4 cyclopes
  A manticore (D:13)
  2 deep elf magi (D:13)
  12 ugly things
  6 centaur zombies
  6 elephants
  5 molten gargoyles
  7 black mambas
  2 moths of wrath
  4 centaur skeletons
  3 gargoyles
  7 torpor snails
  7 spiny frogs
  A rime drake (Lair:6)
  10 komodo dragons
  A redback zombie (D:14)
  13 demonic crawlers
  A troll (Orc:2)
  A tengu conjurer (D:15)
  3 meliai (D:13)
  34 jumping spiders
  8 hornets
  2 polar bears
  11 tyrant leeches
  2 bog bodies (Swamp:2)
  A dream sheep (shapeshifter) (D:13)
  A meliai zombie (D:11)
  14 blink frogs
  14 slime creatures
  7 hippogriffs
  Sigmund (D:4)
  81 redbacks
  A spriggan (D:7)
  2 shadows
  6 wyverns
  42 tarantellas
  2 vampires
  A human (shapeshifter) (D:15)
  5 fire bats (Volcano)
  A wraith (D:10)
  29 yaks
  3 fire elementals
  2 basilisks
  5 hogs (Lair:4)
  2 hungry ghosts
  13 vampire mosquitoes
  5 steam dragons
  A warg (Orc:2)
  18 swamp worms
  2 acid dragons (D:14)
  7 water moccasins
  11 hell hounds
  6 porcupines
  6 ice beasts
  15 swamp drakes
  3 sky beasts
  35 orc warriors
  4 black bears
  A black bear (shapeshifter) (D:12)
  An eye of draining (D:12)
  14 ogres
  3 phantoms
  8 wolves
  5 boggarts (D:15)
  8 crocodiles
  4 centaurs
  4 big kobolds
  15 bullfrogs
  11 killer bees
  5 scorpions
  3 wights (D:15)
  6 electric eels
  13 lava snakes
  2 howler monkeys
  9 crimson imps
  A bullfrog zombie (D:9)
  3 hounds
  A bullfrog skeleton (D:9)
  3 jellies
  25 orc wizards
  22 orc priests
  6 iguanas
  6 worker ants
  A killer bee zombie (D:6)
  A worker ant zombie (D:7)
  13 adders
  5 shadow imps
  An adder skeleton (D:5)
  A worm (D:2)
  4 dart slugs
  3 leopard geckos
  93 orcs
  2 ball pythons
  5 giant cockroaches
  7 goblins
  3 hobgoblins
  6 jackals
  17 kobolds
  2 quokkas
  5 bats
  8 frilled lizards
  2 leopard gecko skeletons
  2 quokka skeletons
  12 rats
  2 briar patches (Swamp:4)
  2 plants
1014 creatures vanquished.

Vanquished Creatures (collateral kills)
  A thorn hunter (Swamp:4)
  A spark wasp (Spider:4)
  2 vault guards (D:13)
  2 swamp dragons (Swamp:4)
  A lindwurm (Swamp:4)
  An ugly thing (D:13)
  2 orb spiders (Spider:3)
  5 elephants (Lair:6)
  A torpor snail (Lair:6)
  A meliai (D:13)
  2 yaks (Lair:6)
  A steam dragon (Swamp:4)
  A swamp drake (Swamp:4)
  A wight (D:13)
  A jelly (D:13)
  A bullfrog skeleton (D:13)
  An iguana (D:13)
  2 kobolds (D:13)
27 creatures vanquished.

Vanquished Creatures (others)
  A hydra (Swamp:4)
  A lindwurm (Swamp:4)
  A hornet (Swamp:4)
  A tarantella (Spider:3)
  A spriggan (Swamp:4)
  A steam dragon (Swamp:4)
  3 swamp drakes (Swamp:4)
  A jelly (D:15)
  An orc wizard (D:11)
  4 plants
15 creatures vanquished.

Grand Total: 1056 creatures vanquished

Notes
Turn   | Place    | Note
-------+----------+-------------------------------------------
     0 | D:1      | HoaS the Gargoyle Berserker began the quest for the Orb.
     0 | D:1      | Reached XP level 1. HP: 14/14 MP: 1/1
    82 | D:1      | Reached XP level 2. HP: 19/19 MP: 2/2
   365 | D:1      | Reached XP level 3. HP: 24/24 MP: 3/3
   382 | D:1      | Reached ** piety under Trog
  1082 | D:2      | Reached skill level 4 in Unarmed Combat
  1699 | D:3      | Reached XP level 4. HP: 24/29 MP: 4/4
  1943 | D:3      | Found a blossoming altar of Fedhas.
  2401 | D:3      | Reached XP level 5. HP: 32/34 MP: 5/5
  2573 | D:3      | Reached skill level 5 in Unarmed Combat
  3018 | D:4      | Found Ilufrann's Armour Emporium.
  3209 | D:4      | Noticed Sigmund
  3220 | D:4      | Killed Sigmund
  3220 | D:4      | Reached skill level 5 in Fighting
  3220 | D:4      | Reached skill level 6 in Unarmed Combat
  3220 | D:4      | Reached XP level 6. HP: 40/40 MP: 6/6
  3407 | D:5      | Entered Level 5 of the Dungeon
  3419 | D:5      | Found a shattered altar of Ashenzari.
  3419 | D:5      | Noticed an ice beast
  3455 | D:4      | Reached XP level 7. HP: 44/44 MP: 7/7
  3481 | D:5      | Reached *** piety under Trog
  3511 | D:5      | Reached skill level 7 in Unarmed Combat
  3780 | D:5      | Found a staircase to the Ecumenical Temple.
  3831 | D:5      | Found a shadowy altar of Dithmenos.
  3931 | D:5      | Found a sacrificial altar of Ru.
  4121 | D:5      | Reached XP level 8. HP: 52/52 MP: 8/8
  4198 | D:5      | Reached skill level 8 in Unarmed Combat
  4720 | D:6      | Reached skill level 9 in Unarmed Combat
  4996 | D:6      | Found a radiant altar of Vehumet.
  5059 | D:6      | Reached XP level 9. HP: 43/59 MP: 9/9
  5189 | D:6      | Reached **** piety under Trog
  5509 | D:7      | Reached skill level 10 in Unarmed Combat
  6256 | D:7      | Reached skill level 11 in Unarmed Combat
  6381 | D:8      | Found a shimmering blue altar of Sif Muna.
  6547 | D:8      | Noticed Harold
  6564 | D:8      | Killed Harold
  6564 | D:8      | Reached XP level 10. HP: 66/66 MP: 10/10
  6805 | D:8      | Found a sparkling altar of Nemelex Xobeh.
  7052 | D:9      | Reached skill level 12 in Unarmed Combat
  7076 | D:9      | Reached ***** piety under Trog
  7185 | D:9      | Reached skill level 10 in Fighting
  7199 | D:9      | Found a sparkling altar of Nemelex Xobeh.
  7708 | D:4      | Bought a +3 plate armour of positive energy for 420 gold
                  | pieces
  7812 | D:10     | Entered Level 10 of the Dungeon
  8022 | D:10     | Found a staircase to the Lair.
  8727 | Lair:1   | Entered Level 1 of the Lair of Beasts
  8962 | Lair:1   | Reached XP level 11. HP: 75/76 MP: 11/11
  9658 | Lair:1   | Received a gift from Trog
 10079 | Lair:2   | Reached skill level 13 in Unarmed Combat
 10546 | Lair:2   | Found a hole to the Spider Nest.
 10546 | Lair:2   | Noticed a wolf spider
 10551 | Lair:2   | Noticed a wolf spider
 10561 | Lair:2   | Killed a wolf spider
 10566 | Lair:2   | Killed a wolf spider
 11143 | Lair:3   | Noticed a seven-headed hydra
 11176 | Lair:3   | Killed a seven-headed hydra
 11176 | Lair:3   | Reached skill level 14 in Unarmed Combat
 11187 | Lair:3   | Reached XP level 12. HP: 52/84 MP: 12/12
 11456 | Lair:3   | Found a snail-covered altar of Cheibriados.
 11695 | Lair:3   | Found a staircase to the Swamp.
 12181 | Lair:4   | Reached skill level 15 in Unarmed Combat
 12455 | Lair:4   | Noticed Kirke
 12500 | Lair:4   | Killed Kirke
 12500 | Lair:4   | Received a gift from Trog
 13152 | Lair:5   | Reached XP level 13. HP: 87/91 MP: 13/13
 13266 | Lair:5   | Reached skill level 16 in Unarmed Combat
 13610 | Lair:5   | Found a viscous altar of Jiyva.
 13620 | Lair:5   | Found a staircase to the Slime Pits.
 14137 | Lair:6   | Entered Level 6 of the Lair of Beasts
 14269 | Lair:6   | Found a dark tunnel.
 14289 | Volcano  | Entered a volcano
 14352 | Volcano  | Reached skill level 15 in Fighting
 14713 | Volcano  | Found a bloodstained altar of Trog.
 14842 | Volcano  | Noticed a fire dragon
 14863 | Volcano  | Killed a fire dragon
 15172 | Lair:6   | Reached skill level 17 in Unarmed Combat
 16071 | Lair:6   | Received a gift from Trog
 16167 | Lair:6   | Noticed a fire dragon
 16192 | Lair:6   | Gained mutation: Your large and strong wings let you fly
                  | indefinitely. [Gargoyle growth]
 16192 | Lair:6   | Reached XP level 14. HP: 84/99 MP: 14/14
 16261 | Lair:6   | Found a large runed translucent door.
 16261 | Lair:6   | Found a large runed translucent door.
 17422 | D:12     | Reached skill level 18 in Unarmed Combat
 17544 | D:12     | Found Wanali's Jewellery Boutique.
 17548 | D:12     | Bought the amulet "Lorokug" {Reflect rF+ SH+5 Stlth+} for
                  | 561 gold pieces
 18183 | D:12     | Noticed Frances
 18198 | D:12     | Killed Frances
 18427 | D:12     | Found a staircase to the Orcish Mines.
 18743 | Orc:1    | Entered Level 1 of the Orcish Mines
 18848 | Orc:2    | Entered Level 2 of the Orcish Mines
 18857 | Orc:2    | Received a gift from Trog
 18860 | Orc:2    | Noticed Saint Roka
 19893 | Orc:2    | HP: 5/102 [orc high priest/divine providence (11)]
 21844 | Orc:2    | Killed Saint Roka
 22240 | Orc:2    | Found a roughly hewn altar of Beogh.
 22250 | Orc:2    | Found Piov Kov's Antique Armour Emporium.
 22266 | Orc:2    | Found Zyothroadd's Book Emporium.
 22335 | Orc:2    | Found Xaawkuas's Antique Weapon Emporium.
 22350 | Orc:2    | Found Divi's General Store.
 22357 | Orc:2    | Bought a +1 cloak of preservation for 231 gold pieces
 22519 | Orc:2    | Found a staircase to the Elven Halls.
 22916 | Orc:1    | Found Qidob's Antique Armour Shoppe.
 23311 | Orc:1    | Found Kevus's Distillery.
 23320 | Orc:1    | Found Waemylo's Distillery.
 23338 | Orc:1    | Received a gift from Trog
 23399 | Orc:1    | Found Fibiph's Distillery.
 23478 | Orc:1    | Bought a potion of haste for 170 gold pieces
 23478 | Orc:1    | Bought a potion of might for 68 gold pieces
 23490 | Orc:1    | Bought a potion of might for 64 gold pieces
 23490 | Orc:1    | Bought a potion of heal wounds for 80 gold pieces
 23534 | Orc:1    | Bought a potion of curing for 51 gold pieces
 23534 | Orc:1    | Bought a potion of heal wounds for 85 gold pieces
 23534 | Orc:1    | Bought 2 potions of heal wounds for 170 gold pieces
 23534 | Orc:1    | Bought a potion of curing for 51 gold pieces
 23728 | D:12     | Reached XP level 15. HP: 78/108 MP: 15/15
 24669 | D:13     | Identified the +3 scale mail "Duowiseh" {*Drain rN+ Str+5}
 24766 | D:13     | Found a gate to the Vaults.
 25367 | D:14     | You are sucked into a shaft and drop 1 floor!
 25367 | D:15     | Entered Level 15 of the Dungeon
 25425 | D:15     | Found a blossoming altar of Fedhas.
 25659 | D:14     | Reached skill level 19 in Unarmed Combat
 25708 | D:14     | Received a gift from Trog
 26228 | D:14     | Noticed Snorg
 26240 | D:14     | Killed Snorg
 26479 | D:15     | Found a portal to a secret trove of treasure.
 26705 | D:15     | Found a staircase to the Depths.
 26960 | D:15     | Noticed Roxanne
 26976 | D:15     | Killed Roxanne
 27519 | Swamp:1  | Entered Level 1 of the Swamp
 27812 | Swamp:1  | Reached XP level 16. HP: 99/116 MP: 16/16
 28370 | Swamp:1  | Received a gift from Trog
 28899 | Swamp:2  | Reached skill level 20 in Unarmed Combat
 29143 | Swamp:2  | Found a shadowy altar of Dithmenos.
 30782 | Swamp:3  | Identified 2 scrolls of acquirement
 31054 | Orc:2    | Bought a runed crystal plate armour for 1826 gold pieces
 31135 | D:12     | Bought the ring of Wosheth {rC+ rN+ Int+6 Dex+4} for 1021
                  | gold pieces
 31961 | Spider:1 | Entered Level 1 of the Spider Nest
 32318 | Spider:1 | Noticed Azrael
 32335 | Spider:1 | Killed Azrael
 32425 | Lair:2   | Received a gift from Trog
 33011 | Spider:1 | Reached skill level 21 in Unarmed Combat
 33292 | Spider:2 | Reached XP level 17. HP: 123/124 MP: 17/17
 33323 | Spider:2 | Noticed Jorgrun
 33332 | Spider:2 | Killed Jorgrun
 33819 | Spider:2 | Noticed Aizul
 33830 | Spider:2 | Killed Aizul
 33915 | Spider:2 | Found a runed translucent door.
 33915 | Spider:2 | Noticed Vieluargh's ghost (journeyman DsNe)
 33923 | Spider:2 | Noticed Arachne
 33949 | Spider:2 | Killed Arachne
 34328 | Spider:2 | Got a bound garnet amulet
 34568 | Spider:2 | Killed Vieluargh's ghost
 34596 | Spider:3 | Noticed Donald
 34820 | Spider:2 | Received a gift from Trog
 36671 | Spider:3 | Identified the amulet of Jeunkink {Faith Str+3} (You found
                  | it on level 2 of the Spider Nest)
 36806 | Spider:3 | Reached skill level 22 in Unarmed Combat
 36815 | Spider:3 | Killed Donald
 37272 | Swamp:4  | Entered Level 4 of the Swamp
 37973 | Swamp:4  | Got a decaying rune of Zot
 38310 | Spider:4 | Entered Level 4 of the Spider Nest
 38310 | Spider:4 | Noticed Nikola
 38315 | Spider:4 | Reached XP level 18. HP: 131/131 MP: 18/18
 38333 | Spider:4 | Killed Nikola
 38333 | Spider:4 | Received a gift from Trog
 38819 | Spider:4 | Reached ****** piety under Trog
 39778 | Spider:4 | Received a gift from Trog
 39798 | Spider:4 | Reached skill level 23 in Unarmed Combat
 40050 | Spider:4 | HP: 4/132 [emperor scorpion (28)]
 40050 | Spider:4 | Slain by an emperor scorpion

Illustrated notes

Levels and vault maps discovered:
D:1:      dpeg_arrival_simpleton_a, layout_basic
D:2:      layout_basic, first_ration
D:3:      layout_loops_ring, fedhas_altar_1, serial_aquarium,
          aquarium_bridge_square [aquarium_subvault_wall,
          aquarium_subvault_bridge, aquarium_subvault_bridge,
          aquarium_subvault_bridge], aquarium_window_1,
          aquarium_window_corridor_2, aquarium_window_2, aquarium_window_fake,
          aquarium_view_2d, aquarium_view_4, aquarium_pool_four
D:4:      layout_layer_cave, serial_shops, nicolae_shop_trees, uniq_sigmund
D:5:      layout_basic, cheibrodos_ashenzari_chains,
          chequers_temple_overflow_statue_of_worship,
          minmay_temple_entry_offerings, nrook_loot_triangle
D:6:      layout_rooms, kennysheep_mini_moat, hangedman_decor_opposing
D:7:      layout_basic, the_bakery
D:8:      layout_loops_cross, lemuel_blue_sif_altar, nemelex_spade_bored_becter,
          uniq_harold
D:9:      layout_cave_pools, nemelex_xobeh_ov_fountains_minmay
D:10:     layout_basic, dpeg_oklobed_lair
D:11:     layout_basic
D:12:     layout_roguey, erik_orc_2, serial_shops, nicolae_shop_crystal,
          uniq_frances
D:13:     layout_cave_pools, lightli_vaults_fourway_checkpoint
D:14:     layout_roguey, small_statue_alley_a, uniq_snorg
D:15:     hangedman_depths_entry_civil_slaughter, layout_basic,
          nicolae_trove_entry_crossroad, basic_altar,
          hangedman_abyss_or_decor_passed, uniq_roxanne
Lair:1:   layout_layer_cave, lemuel_fruit_tree
Lair:2:   layout_gridlike, spider_nest_entry_funnel_web
Lair:3:   layout_roguey, minmay_swamp_entry_reptiles, kennysheep_snail_temple
Lair:4:   layout_gridlike, uniq_kirke
Lair:5:   layout_cave_pods, slime_altar_1, minmay_lair_oklob_chamber,
          grunt_megastairs_3, lemuel_fruit_fields
Lair:6:   cheibrodos_lair_end_hotspot, layout_regular_city, enter_volcano_1,
          infiniplex_staircase_pool
Swamp:1:  layout_basic_swamp, hangedman_swamp_ruin_hall, worms_lemuel
Swamp:2:  layout_falls_marsh, basic_altar
Swamp:3:  layout_basic_swamp, evilmike_swamp_ruin_rubble_1
Swamp:4:  swamp_fiery, layout_basic_swamp
Spider:1: layout_spider_delve, uniq_azrael
Spider:2: layout_chambers, ebering_ghost_inner_flame, uniq_jorgrun, uniq_aizul,
          uniq_arachne
Spider:3: layout_spider_delve, uniq_donald
Spider:4: spider_rune_water, uniq_nikola
Orc:1:    layout_diamond_mine, serial_shops, nicolae_shop_behind_doors, shop,
          shop, shop
Orc:2:    grunt_orc_cross, layout_caves

Skill      XL: |  1  2  3  4  5  6  7  8  9 10 11 12 13 14 15 16 17 18 |
---------------+-------------------------------------------------------+-----
Unarmed Combat | 4 6 7 9 11 12 14 15 17 18 19 21 22 23 | 23.0
Fighting       | 4 5 6 7 9 12 13 14 15 18 19 20 21 | 21.2
Armour         | |  2.1
Dodging        | |  1.5

Action                   |  1- 3 |  4- 6 |  7- 9 | 10-12 | 13-15 | 16-18 || total
-------------------------+-------+-------+-------+-------+-------+-------++-------
Melee: Unarmed           |   153 |   151 |   402 |   688 |  1434 |  1321 ||  4149
       Punch             |     1 |     3 |    13 |    35 |   115 |   123 ||   290
Invok: Berserk           |       |     1 |     2 |     1 |     4 |     3 ||    11
       Trog's Hand       |       |     1 |       |     4 |     2 |     8 ||    15
       Brothers in Arms  |       |       |       |       |     3 |     3 ||     6
 Abil: Fly               |       |       |       |       |     1 |     1 ||     2
       Stop Flying       |       |       |       |       |       |     1 ||     1
Evoke: Wand              |       |       |       |       |    12 |     3 ||    15
  Use: Scroll            |       |       |    14 |    17 |     8 |    18 ||    57
       Potion            |       |       |       |       |       |     6 ||     6
 Stab: Distracted        |       |       |       |       |     1 |     1 ||     2
       Confused          |       |       |       |       |       |     2 ||     2
  Eat: Chunk             |     3 |     7 |    13 |    24 |    45 |    29 ||   121
       Ration            |       |       |       |       |     3 |     5 ||     8
Armor: Leather armour    |     2 |       |       |       |       |       ||     2
       Chain mail        |    64 |   114 |   224 |    13 |       |       ||   415
       Plate armour      |       |       |       |   494 |  1195 |   271 ||  1960
       Crystal plate arm |       |       |       |       |       |  1504 ||  1504
Dodge: Dodged            |    47 |    42 |   108 |   174 |   391 |   392 ||  1154
Block: Other             |       |       |       |       |   172 |   309 ||   481
       Reflection        |       |       |       |       |     8 |     1 ||     9

Table legend:
 A = Non-vault XP
 B = Vault XP
 C = Vault XP percentage of total XP
 D = Non-vault monster count
 E = Vault monster count
 F = Vault count percentage of total count
                 A         B        C        D         E       F
            +---------+---------+-------+---------+---------+-------
      Total |  180266 |   96653 |  34.9 |     804 |     234 |  22.5
            +---------+---------+-------+---------+---------+-------
        D:1 |      42 |       0 |   0.0 |      25 |       0 |   0.0
        D:2 |      36 |       0 |   0.0 |      13 |       0 |   0.0
        D:3 |     137 |       0 |   0.0 |      23 |       0 |   0.0
        D:4 |     167 |     227 |  57.6 |       8 |       1 |  11.1
        D:5 |    1089 |       0 |   0.0 |      26 |       0 |   0.0
        D:6 |     949 |       0 |   0.0 |      21 |       0 |   0.0
        D:7 |    1142 |     220 |  16.2 |      25 |       1 |   3.8
        D:8 |     520 |     987 |  65.5 |      16 |       1 |   5.9
        D:9 |    1808 |       0 |   0.0 |      34 |       0 |   0.0
       D:10 |    1117 |       0 |   0.0 |      15 |       0 |   0.0
       D:11 |    2606 |       0 |   0.0 |      34 |       0 |   0.0
       D:12 |    9925 |    2939 |  22.8 |      39 |      22 |  36.1
       D:13 |   10801 |    3972 |  26.9 |      30 |      12 |  28.6
       D:14 |   12224 |    1040 |   7.8 |      33 |       1 |   2.9
       D:15 |    4036 |    5693 |  58.5 |      14 |       7 |  33.3
     Lair:1 |    3616 |       0 |   0.0 |      16 |       0 |   0.0
     Lair:2 |    3878 |    1866 |  32.5 |      20 |       5 |  20.0
     Lair:3 |    1321 |    3304 |  71.4 |       6 |       9 |  60.0
     Lair:4 |    7562 |    3212 |  29.8 |      31 |       6 |  16.2
     Lair:5 |    2577 |     843 |  24.6 |       8 |       3 |  27.3
     Lair:6 |    8204 |    8244 |  50.1 |      31 |      27 |  46.6
    Swamp:1 |    9140 |    1517 |  14.2 |      25 |       7 |  21.9
    Swamp:2 |   10580 |       0 |   0.0 |      27 |       0 |   0.0
    Swamp:3 |   13389 |       0 |   0.0 |      34 |       0 |   0.0
    Swamp:4 |    6507 |   11894 |  64.6 |      10 |      25 |  71.4
   Spider:1 |   15160 |    2412 |  13.7 |      44 |       8 |  15.4
   Spider:2 |   25978 |   10050 |  27.9 |      73 |       5 |   6.4
   Spider:3 |    8718 |    2021 |  18.8 |      23 |       1 |   4.2
   Spider:4 |   13725 |   19714 |  59.0 |      49 |      36 |  42.4
      Orc:1 |    2024 |    3618 |  64.1 |      28 |      17 |  37.8
      Orc:2 |    1288 |    8229 |  86.5 |      23 |      21 |  47.7
    Volcano |       0 |    4651 | 100.0 |       0 |      19 | 100.0
            +---------+---------+-------+---------+---------+-------
